[Event "2019 National Open"]
[Site "Las Vegas"]
[Date "2019.06.13"]
[Round "1"]
[White "Antal, Gergely"]
[Black "Lynch, Joshua"]
[Result "1-0"]
[ECO "B31"]
[WhiteElo "2559"]
[BlackElo "2195"]
[PlyCount "67"]
[EventDate "2019.??.??"]
[TimeControl "5400+30"]
[WhiteClock "0:01:48"]
[BlackClock "0:20:45"]

1. e4 c5 2. Nf3 Nc6 3. Bb5 g6 4. Bxc6 bxc6 5. d4 Bg7 6. dxc5 Qa5+ 7. Nbd2 Qxc5 8. O-O d6 9. Rb1 Nf6 10. b4 Qb6 11. Bb2 O-O 12. c4 Rd8 13. a4 Bg4 14. Qc2 d5 15. Bd4 Qb7 16. cxd5 cxd5 17. e5 Rac8 18. Qb2 Ne4 19. b5 Bf5 20. Nb3 Bg4 21. Nfd2 Nxd2 22. Qxd2 Bf5 23. Rbc1 Qb8 24. Na5 Bd7 25. Qe3 a6 26. bxa6 Bxa4 27. Rb1 Qa8 28. a7 Rd7 29. Rfc1 Rdd8 30. Rxc8 Rxc8 31. Qa3 Bc2 32. Rb7 Bd3 33. Qxd3 Rc1+ 34. Qf1 1-0

[Event "2019 National Open"]
[Site "Las Vegas"]
[Date "2019.06.13"]
[Round "1"]
[White "Tang, Andrew"]
[Black "Burrows, Brandon"]
[Result "1-0"]
[ECO "E33"]
[WhiteElo "2496"]
[BlackElo "2127"]
[PlyCount "145"]
[EventDate "2019.??.??"]
[TimeControl "5400+30"]
[WhiteClock "0:10:10"]
[BlackClock "0:25:59"]

1. d4 Nf6 2. c4 e6 3. Nc3 Bb4 4. Qc2 Nc6 5. Nf3 d6 6. Bd2 O-O 7. a3 Bxc3 8. Bxc3 Qe7 9. e3 e5 10. d5 Nb8 11. Bd3 Nbd7 12. Nd2 Nc5 13. Be2 Bd7 14. b3 b5 15. cxb5 Nxd5 16. Bb2 Rab8 17. b4 Ne6 18. Bf3 Rxb5 19. O-O Nf6 20. Rfd1 Rc8 21. Nc4 Rbb8 22. Na5 c5 23. Qd2 cxb4 24. axb4 Rb6 25. Rac1 Ng5 26. Rxc8+ Bxc8 27. Be2 Ba6 28. Bxa6 Rxa6 29. Nc4 Nge4 30. Qd3 Rc6 31. f3 Qc7 32. Na5 Rc2 33. Bxe5 Nf2 34. Qxd6 Nxd1 35. Qxc7 Rxc7 36. Bxc7 Nd5 37. Bd6 N1xe3 38. Bc5 a6 39. Kf2 Nc2 40. Nc6 f6 41. Ke2 Nf4+ 42. Kd2 Na3 43. g3 Ne6 44. Kc3 h5 45. Nb8 Nb5+ 46. Kc4 Nbc7 47. Bd6 Nb5 48. Nxa6 Na3+ 49. Kd5 Ng5 50. f4 Nf3 51. h3 h4 52. gxh4 Nxh4 53. Nc7 g5 54. b5 Nxb5 55. Nxb5 Kf7 56. Ke4 Kg6 57. Nd4 f5+ 58. Ke3 gxf4+ 59. Kxf4 Ng2+ 60. Kf3 Nh4+ 61. Kg3 Kh5 62. Ne6 Ng6 63. Nf4+ Nxf4 64. Bxf4 Kg6 65. Kh4 Kh7 66. Kg5 Kh8 67. Kg6 Kg8 68. h4 Kh8 69. h5 Kg8 70. h6 Kh8 71. Bd6 Kg8 72. h7+ Kh8 73. Be5# 1-0

[Event "2019 National Open"]
[Site "Las Vegas"]
[Date "2019.06.13"]
[Round "1"]
[White "Prasanna Raghuram Rao"]
[Black "Lee, Megan"]
[Result "1-0"]
[ECO "C77"]
[WhiteElo "2448"]
[BlackElo "2115"]
[PlyCount "95"]
[EventDate "2019.??.??"]
[TimeControl "5400+30"]
[WhiteClock "0:04:27"]
[BlackClock "1:33:58"]

1. e4 e5 2. Nf3 Nc6 3. Bb5 a6 4. Ba4 Nf6 5. d3 Bc5 6. O-O b5 7. Bb3 d6 8. a4 Rb8 9. c3 Bd7 10. h3 Bb6 11. Re1 Ne7 12. Nbd2 c5 13. Nf1 h6 14. Ng3 Ng6 15. d4 O-O 16. axb5 axb5 17. Be3 Re8 18. Bc2 Bc6 19. dxe5 dxe5 20. Qxd8 Rexd8 21. Ra6 Nd7 22. Nf5 Bb7 23. Raa1 Nf6 24. Nd2 Bc8 25. Nf1 Kf8 26. Ra2 Ne7 27. Nxe7 Kxe7 28. Ng3 Ne8 29. Nf5+ Kf8 30. Raa1 Nd6 31. Red1 Nxf5 32. Rxd8+ Bxd8 33. exf5 Bb6 34. Rd1 Bb7 35. Rd6 Ba7 36. f6 gxf6 37. Rxf6 Ke7 38. Rxh6 Rg8 39. g4 Bc8 40. Rc6 Kd7 41. Rh6 Ke7 42. Kf1 Be6 43. Bf5 Bc4+ 44. Ke1 f6 45. h4 Rf8 46. g5 Bd5 47. gxf6+ Kf7 48. Bg5 1-0

[Event "2019 National Open"]
[Site "Las Vegas"]
[Date "2019.06.13"]
[Round "1"]
[White "Katz, Alexander"]
[Black "Serna, Jeffrey"]
[Result "1-0"]
[ECO "C53"]
[WhiteElo "2427"]
[BlackElo "2052"]
[PlyCount "39"]
[EventDate "2019.??.??"]
[TimeControl "5400+30"]
[WhiteClock "0:33:10"]
[BlackClock "1:11:44"]

1. e4 e5 2. Nf3 Nc6 3. Bc4 Bc5 4. c3 Nf6 5. d3 O-O 6. O-O d5 7. exd5 Nxd5 8. Nbd2 h6 9. Re1 f6 10. d4 exd4 11. Qb3 Nce7 12. cxd4 Bb6 13. Rxe7 Qxe7 14. Bxd5+ Kh8 15. Nh4 Kh7 16. Nf1 g6 17. Bd2 Rd8 18. Re1 Qg7 19. Bb4 Rd7 20. Re8 1-0

[Event "2019 National Open"]
[Site "Las Vegas"]
[Date "2019.06.12"]
[Round "1"]
[White "Kavutskiy, Konstantin"]
[Black "Akopian, Robert"]
[Result "1-0"]
[ECO "A65"]
[WhiteElo "2417"]
[BlackElo "2040"]
[PlyCount "79"]
[EventDate "2019.??.??"]
[TimeControl "5400+30"]
[WhiteClock "0:22:48"]
[BlackClock "0:23:57"]

1. d4 Nf6 2. c4 c5 3. d5 e6 4. Nc3 exd5 5. cxd5 d6 6. e4 g6 7. Nge2 Bg7 8. Ng3 a6 9. a4 h5 10. Be2 h4 11. Nf1 h3 12. g3 Nbd7 13. Bg5 Qc7 14. Nd2 Ne5 15. O-O c4 16. Kh1 O-O 17. a5 Bg4 18. f3 Bd7 19. Be3 Rfe8 20. Bb6 Qc8 21. Rc1 g5 22. b3 g4 23. f4 Nf3 24. Nxc4 Qb8 25. Bxf3 gxf3 26. Qxf3 Bg4 27. Qd3 Nd7 28. Bd4 Nc5 29. Bxc5 dxc5 30. Nb6 Ra7 31. e5 Qd8 32. d6 Ra8 33. Rce1 Re6 34. Ncd5 Rb8 35. f5 Rxe5 36. Rxe5 Bxe5 37. Qe4 Qg5 38. Qxe5 Qd2 39. Nf6+ Kf8 40. Nbd7+ 1-0

[Event "2019 National Open"]
[Site "Las Vegas"]
[Date "2019.06.12"]
[Round "1"]
[White "Ghatti, Sanjay"]
[Black "Vorontsov, Pavlo"]
[Result "0-1"]
[ECO "B06"]
[WhiteElo "2190"]
[BlackElo "2553"]
[PlyCount "128"]
[EventDate "2019.??.??"]
[TimeControl "5400+30"]
[WhiteClock "0:10:54"]
[BlackClock "0:14:10"]

1. e4 g6 2. d4 Bg7 3. Nc3 c6 4. h3 d5 5. e5 Nh6 6. Bf4 f6 7. Qd2 Nf7 8. exf6 Bxf6 9. Nf3 Nd7 10. Be2 O-O 11. O-O e5 12. dxe5 Ndxe5 13. Nxe5 Nxe5 14. Rad1 Bf5 15. Rfe1 Qd7 16. Bf1 Rfe8 17. Bxe5 Rxe5 18. Rxe5 Bxe5 19. g4 Be6 20. Re1 Bc7 21. Bg2 Qd6 22. Nb5 Qh2+ 23. Kf1 Bf7 24. Nxc7 Qxc7 25. c3 Rd8 26. Qg5 c5 27. Re7 Rd7 28. Rxd7 Qxd7 29. Qe5 b6 30. Qb8+ Kg7 31. Qe5+ Kf8 32. Qh8+ Bg8 33. Qf6+ Bf7 34. Qh8+ Bg8 35. Qf6+ Qf7 36. Qd6+ Qe7 37. Qf4+ Kg7 38. Bf3 Qf6 39. Qd2 g5 40. Qd3 h6 41. Kg2 Qe5 42. Qa6 Qc7 43. Qd3 Qd6 44. a3 Bf7 45. Kg1 a5 46. Kg2 d4 47. cxd4 cxd4 48. Be4 Qe5 49. f3 Qc5 50. Bf5 Bc4 51. Qc2 Bd5 52. Qd3 Bc6 53. Be4 Bb5 54. Qd2 Qc4 55. Kg3 d3 56. h4 Kf6 57. hxg5+ hxg5 58. b4 axb4 59. axb4 Qd4 60. Kg2 Bc4 61. Kh2 Bd5 62. Bxd5 Qxd5 63. Kg2 Qd4 64. b5 Ke6 0-1

[Event "2019 National Open"]
[Site "Las Vegas"]
[Date "2019.06.13"]
[Round "1"]
[White "Wu, Logan"]
[Black "Li, Ruifeng"]
[Result "0-1"]
[ECO "B00"]
[WhiteElo "2177"]
[BlackElo "2546"]
[PlyCount "92"]
[EventDate "2019.??.??"]
[TimeControl "5400+30"]
[WhiteClock "0:21:52"]
[BlackClock "0:00:53"]

1. e4 Nc6 2. d4 d6 3. Nc3 Nf6 4. d5 Nb8 5. f4 c6 6. dxc6 Nxc6 7. Nf3 g6 8. e5 Ng4 9. h3 Nh6 10. Be3 Bg7 11. exd6 Nf5 12. Bf2 Nxd6 13. Bd3 O-O 14. O-O Qa5 15. Qd2 Rd8 16. Qe3 Bf5 17. Bxf5 Qxf5 18. Qc1 Nb4 19. Ne1 Bxc3 20. bxc3 Nd5 21. Bd4 Nb5 22. Qb2 Nxf4 23. Kh1 Nxd4 24. cxd4 Qe4 25. Nf3 Qe2 26. Nh4 e5 27. dxe5 Nxh3 28. Qxb7 Ng5 29. Nf3 Ne4 30. Kh2 Qc4 31. Rae1 Nc5 32. Qc7 Rac8 33. Qxa7 Rd7 34. Qb6 Ne6 35. Rf2 Qxa2 36. Qb5 Rdc7 37. Ref1 Rxc2 38. Rxc2 Qxc2 39. Qd7 Rc7 40. Qe8+ Kg7 41. Ra1 Qf5 42. Qb8 Rc2 43. Ne1 Qf4+ 44. Kg1 Qf2+ 45. Kh2 Rc4 46. Nf3 Rg4 0-1

[Event "2019 National Open"]
[Site "Las Vegas"]
[Date "2019.06.13"]
[Round "1"]
[White "Polavaram, Rithik"]
[Black "Shetty, Atulya"]
[Result "1-0"]
[ECO "D10"]
[WhiteElo "2058"]
[BlackElo "2431"]
[PlyCount "47"]
[EventDate "2019.??.??"]
[TimeControl "5400+30"]
[WhiteClock "0:54:29"]
[BlackClock "0:09:44"]

1. d4 d5 2. c4 c6 3. Nc3 Nf6 4. e3 a6 5. Qc2 g6 6. Bd3 Bg7 7. Nf3 O-O 8. O-O dxc4 9. Bxc4 b5 10. Bd3 Nbd7 11. Ne4 Nxe4 12. Bxe4 Bb7 13. Bd2 a5 14. b4 axb4 15. Bxb4 Nf6 16. Bd3 Nd5 17. Bc5 Ra4 18. Qd2 Qc7 19. e4 Nf4 20. Bc2 Rc4 21. Rac1 Rd8 22. Bb3 Rxc1 23. Rxc1 Bc8 24. g3 1-0

[Event "2019 National Open"]
[Site "Las Vegas"]
[Date "2019.06.13"]
[Round "1"]
[White "Gustafsson, Alexander"]
[Black "Bradford, Joseph"]
[Result "0-1"]
[ECO "A48"]
[WhiteElo "2018"]
[BlackElo "2379"]
[PlyCount "78"]
[EventDate "2019.??.??"]
[TimeControl "5400+30"]
[WhiteClock "0:33:05"]
[BlackClock "1:05:58"]

1. d4 Nf6 2. Nf3 g6 3. e3 Bg7 4. Be2 c5 5. O-O O-O 6. b3 cxd4 7. exd4 d5 8. Bb2 Nc6 9. c4 Bf5 10. Nc3 Rc8 11. Re1 dxc4 12. bxc4 Na5 13. Qa4 Bd7 14. Qb4 Nc6 15. Qa3 Bg4 16. Rad1 Na5 17. c5 b6 18. Ne5 Bxe2 19. Rxe2 e6 20. Qa4 Nd5 21. Ne4 Nf4 22. Re3 Qd5 23. Nd7 f5 24. f3 fxe4 25. Nxf8 Rxf8 26. Rxe4 Qg5 27. Qc2 Qf5 28. Bc1 Nd5 29. Qd3 Nc6 30. cxb6 axb6 31. g4 Qf7 32. a3 Rd8 33. Bg5 Rd6 34. Rc1 h6 35. Bd2 Nf6 36. Ree1 Nxd4 37. Rc8+ Kh7 38. Bb4 Rd7 39. Qe3 Nd5 0-1

[Event "2019 National Open"]
[Site "Las Vegas"]
[Date "2019.06.13"]
[Round "2"]
[White "Chirila, Ioan-Cristian"]
[Black "Li, Eric"]
[Result "1-0"]
[ECO "A45"]
[WhiteElo "2561"]
[BlackElo "2155"]
[PlyCount "87"]
[EventDate "2019.??.??"]
[TimeControl "5400+30"]
[WhiteClock "0:10:42"]
[BlackClock "0:20:48"]

1. d4 Nf6 2. Bf4 d5 3. e3 c5 4. Nf3 Nc6 5. Nbd2 e6 6. c3 Bd6 7. Bg3 O-O 8. Bd3 Qe7 9. Ne5 Nd7 10. f4 f6 11. Bxh7+ Kxh7 12. Qh5+ Kg8 13. Ng6 Qe8 14. f5 Bxg3+ 15. hxg3 exf5 16. O-O-O Ne7 17. Qh8+ Kf7 18. Nxf8 Nxf8 19. dxc5 Neg6 20. Qh5 Qxe3 21. g4 Qg5 22. Qxg5 fxg5 23. Nf3 Nf4 24. Rh8 fxg4 25. Nxg5+ Ke7 26. Re1+ Be6 27. Kd2 Rd8 28. g3 N4g6 29. Rg8 Re8 30. Nxe6 Nxe6 31. Rxe8+ Kxe8 32. Rxe6+ Kf7 33. Rd6 Ne5 34. Rxd5 Ke6 35. Rxe5+ Kxe5 36. Kd3 a5 37. c4 a4 38. Ke3 g6 39. Kd3 g5 40. Ke3 Kf5 41. Kd4 Ke6 42. Ke4 Kf6 43. Kd5 Kf5 44. b4 1-0

[Event "2019 National Open"]
[Site "Las Vegas"]
[Date "2019.06.13"]
[Round "2"]
[White "Sorokin, Aleksey"]
[Black "Griffith, Kyron"]
[Result "1-0"]
[ECO "E90"]
[WhiteElo "2536"]
[BlackElo "2336"]
[PlyCount "71"]
[EventDate "2019.??.??"]
[TimeControl "5400+30"]
[WhiteClock "0:09:40"]
[BlackClock "0:30:23"]

1. d4 Nf6 2. c4 g6 3. Nc3 Bg7 4. e4 d6 5. Nf3 O-O 6. h3 Na6 7. Be3 e5 8. d5 Nh5 9. Rc1 f5 10. a3 fxe4 11. Nd2 Nc5 12. Ndxe4 Nxe4 13. Nxe4 Qh4 14. Nc3 Bh6 15. Qd2 Bf4 16. Ne2 Bxe3 17. Qxe3 Bd7 18. g3 Qe7 19. Bg2 Ng7 20. g4 b6 21. O-O h5 22. f3 Kh7 23. Rf2 a5 24. Rcf1 Rae8 25. b4 axb4 26. axb4 Qh4 27. Ra1 Ra8 28. Rff1 Qf6 29. Nc3 Rxa1 30. Rxa1 e4 31. Rf1 exf3 32. Rxf3 Qd8 33. Ne4 hxg4 34. hxg4 Bxg4 35. Rxf8 Qxf8 36. Qg5 1-0

[Event "2019 National Open"]
[Site "Las Vegas"]
[Date "2019.06.13"]
[Round "2"]
[White "Shetty, Atulya"]
[Black "Lee, Megan"]
[Result "1-0"]
[ECO "A15"]
[WhiteElo "2431"]
[BlackElo "2115"]
[PlyCount "61"]
[EventDate "2019.??.??"]
[TimeControl "5400+30"]
[WhiteClock "0:03:50"]
[BlackClock "0:27:43"]

1. c4 Nf6 2. g3 c6 3. Bg2 d5 4. Nf3 Nbd7 5. O-O dxc4 6. Qc2 Nb6 7. Na3 Qd5 8. Ne1 Qd8 9. Nxc4 Nxc4 10. Qxc4 e5 11. Nf3 Bd6 12. b3 Be6 13. Qc2 Bd5 14. Bb2 Qc7 15. Rae1 O-O-O 16. e4 Bxe4 17. Rxe4 Nxe4 18. Qxe4 f6 19. d4 exd4 20. Nxd4 Rde8 21. Qd3 Be5 22. Nb5 Qd8 23. Nxa7+ Kb8 24. Bxe5+ Rxe5 25. Nxc6+ bxc6 26. Qa6 Qc8 27. Qa4 Rb5 28. Rc1 Rb6 29. Bxc6 Qd8 30. Qa8+ Kc7 31. Be8+ 1-0

[Event "2019 National Open"]
[Site "Las Vegas"]
[Date "2019.06.13"]
[Round "2"]
[White "Vigorito, David"]
[Black "Shtembuliak, Evgeny"]
[Result "1-0"]
[ECO "D02"]
[WhiteElo "2338"]
[BlackElo "2538"]
[PlyCount "99"]
[EventDate "2019.??.??"]
[TimeControl "5400+30"]
[WhiteClock "0:01:03"]
[BlackClock "0:01:33"]

1. Nf3 d5 2. d4 Nf6 3. c4 e6 4. g3 Bb4+ 5. Bd2 Be7 6. Bg2 O-O 7. O-O Nbd7 8. Qc2 Ne4 9. Ne1 Nxd2 10. Nxd2 c6 11. e4 dxe4 12. Nxe4 f5 13. Nc3 e5 14. d5 e4 15. Rd1 Bf6 16. f3 Ne5 17. Kh1 Qe8 18. c5 Qh5 19. fxe4 Ng4 20. Bf3 fxe4 21. Nxe4 Qh3 22. Nd3 Ne3 23. Qe2 Nxd1 24. Rxd1 Bd7 25. Nd6 Rab8 26. Nf4 Qh6 27. dxc6 Bxc6 28. Bxc6 bxc6 29. Qe6+ Kh8 30. Nf7+ Rxf7 31. Qxf7 Qg5 32. Re1 h6 33. Re8+ Rxe8 34. Qxe8+ Kh7 35. Qxc6 Qf5 36. Qd5 Qb1+ 37. Kg2 Qxb2+ 38. Kh3 Qc1 39. c6 Qf1+ 40. Kg4 Qc1 41. Kf5 Bg5 42. Ke6 Qe3+ 43. Kd7 Qe7+ 44. Kc8 Qf8+ 45. Kb7 Qb4+ 46. Kxa7 Qa4+ 47. Kb7 Qb4+ 48. Kc7 Qe7+ 49. Qd7 Qc5 50. Qxg7+ 1-0

[Event "2019 National Open"]
[Site "Las Vegas"]
[Date "2019.06.13"]
[Round "2"]
[White "Wang, Annie"]
[Black "Shabalov, Alexander"]
[Result "1-0"]
[ECO "D31"]
[WhiteElo "2334"]
[BlackElo "2528"]
[PlyCount "69"]
[EventDate "2019.??.??"]
[TimeControl "5400+30"]
[WhiteClock "0:42:50"]
[BlackClock "0:01:24"]

1. d4 d5 2. c4 e6 3. Nc3 c6 4. e3 Nd7 5. Qc2 Nh6 6. Bd3 f5 7. Nge2 Bd6 8. Bd2 O-O 9. O-O-O b5 10. cxb5 c5 11. dxc5 Nxc5 12. f3 a6 13. Nd4 Nxd3+ 14. Qxd3 axb5 15. Kb1 Bd7 16. Ncxb5 Be7 17. Rc1 Qb6 18. Rc7 Rfd8 19. Rhc1 Bf6 20. Nc6 Be8 21. Qb3 Rd7 22. Ncd4 Rdd8 23. Nc6 Rd7 24. Rxd7 Bxd7 25. Nbd4 Qxb3 26. Nxb3 Nf7 27. Bb4 g5 28. Ne7+ Kg7 29. Rc7 Rd8 30. Ra7 Bb5 31. Nc5 Rd6 32. Rc7 Ba6 33. a4 d4 34. exd4 Bxd4 35. Nxe6+ 1-0

[Event "2019 National Open"]
[Site "Las Vegas"]
[Date "2019.06.13"]
[Round "2"]
[White "Serna, Jeffrey"]
[Black "Ghatti, Sanjay"]
[Result "0-1"]
[ECO "B12"]
[WhiteElo "2052"]
[BlackElo "2190"]
[PlyCount "86"]
[EventDate "2019.??.??"]
[TimeControl "5400+30"]
[WhiteClock "0:16:41"]
[BlackClock "0:54:13"]

1. e4 c6 2. d4 d5 3. f3 Qb6 4. Nc3 dxe4 5. fxe4 e5 6. Nf3 exd4 7. Qxd4 Qxd4 8. Nxd4 Bc5 9. Nb3 Bb6 10. a4 a5 11. Bf4 Nf6 12. Bd6 Na6 13. Nd2 Nb4 14. Nc4 Nxc2+ 15. Kd2 Nxa1 16. Nxb6 Be6 17. Nxa8 Nb3+ 18. Kc2 Kd7 19. Bg3 Rxa8 20. Bf2 Ke7 21. h3 Rd8 22. Bh4 Ke8 23. Bxf6 Rd2+ 24. Kb1 gxf6 25. Be2 f5 26. Rd1 Rxd1+ 27. Bxd1 Nd2+ 28. Kc2 Nxe4 29. Ne2 Ke7 30. Nd4 Kd6 31. Kd3 Nf2+ 32. Ke2 Nxd1 33. Kxd1 Kc5 34. Nf3 Kb4 35. h4 h6 36. Kc2 Kxa4 37. Kc3 b5 38. Nd4 b4+ 39. Kc2 Bd5 40. Kd3 f4 41. h5 c5 42. Nf5 Kb3 43. Nxh6 c4+ 0-1

[Event "2019 National Open"]
[Site "Las Vegas"]
[Date "2019.06.13"]
[Round "2"]
[White "Mishra, Prateek"]
[Black "Nestorovic, Nikola"]
[Result "0-1"]
[ECO "C70"]
[WhiteElo "2034"]
[BlackElo "2481"]
[PlyCount "58"]
[EventDate "2019.??.??"]
[TimeControl "5400+30"]
[WhiteClock "0:58:35"]
[BlackClock "0:18:47"]

1. e4 e5 2. Nf3 Nc6 3. Bb5 a6 4. Ba4 Nge7 5. Nc3 d6 6. d4 exd4 7. Nxd4 Bd7 8. O-O b5 9. Bb3 Nxd4 10. Qxd4 c5 11. Qxd6 c4 12. Bxc4 bxc4 13. Rd1 Bg4 14. Qxd8+ Rxd8 15. Rxd8+ Kxd8 16. b3 Be6 17. Bg5 Kc7 18. Rd1 Ng6 19. Nd5+ Kc6 20. bxc4 Ne5 21. Rb1 Bc5 22. Nb4+ Bxb4 23. Rxb4 Nxc4 24. Kf1 a5 25. Rb1 Nd6 26. f3 Bxa2 27. Ra1 Bc4+ 28. Kf2 Ra8 29. e5 Nb7 0-1

[Event "2019 National Open"]
[Site "Las Vegas"]
[Date "2019.06.13"]
[Round "2"]
[White "Romero, Jonah"]
[Black "Logozar, Elijah"]
[Result "0-1"]
[ECO "D47"]
[WhiteElo "1940"]
[BlackElo "2117"]
[PlyCount "124"]
[EventDate "2019.??.??"]
[TimeControl "5400+30"]
[WhiteClock "0:22:10"]
[BlackClock "0:04:22"]

1. d4 d5 2. c4 c6 3. Nc3 Nf6 4. e3 e6 5. Nf3 Nbd7 6. Bd3 dxc4 7. Bxc4 b5 8. Bd3 Bb7 9. O-O a6 10. e4 c5 11. d5 c4 12. Bc2 Qc7 13. dxe6 fxe6 14. Ng5 Nc5 15. e5 Qxe5 16. Re1 Qd6 17. Qxd6 Bxd6 18. Be3 O-O 19. Rad1 Be7 20. Bxc5 Bxc5 21. Nxe6 Rfc8 22. Nxc5 Rxc5 23. Re7 Rb8 24. f3 Kf8 25. Rde1 Rcc8 26. Kf2 Rd8 27. R1e2 Rd6 28. g4 h6 29. Kg3 Bc6 30. R7e5 b4 31. Nb1 Bb5 32. Re1 Re8 33. a3 a5 34. Bf5 Rxe5 35. Rxe5 Rd5 36. Re1 Bd7 37. Bg6 Be8 38. Bc2 Kf7 39. Kf2 g5 40. Re2 Bb5 41. Re1 Rd6 42. Re5 Rd5 43. Re3 Bd7 44. Ke1 Rd4 45. Nd2 Nd5 46. Re5 Kf6 47. Re2 Nf4 48. Ne4+ Ke5 49. Rf2 Bc6 50. Ng3 Rd3 51. Bd1 bxa3 52. bxa3 Rxa3 53. Rc2 Ra1 54. Rxc4 Bxf3 55. Kf2 Bxd1 56. Rc3 Ra2+ 57. Ke3 Nd5+ 58. Kd3 Nxc3 59. Ke3 Nd5+ 60. Kd3 Ra3+ 61. Kd2 Rxg3 62. hxg3 Bxg4 0-1

[Event "2019 National Open"]
[Site "Las Vegas"]
[Date "2019.06.14"]
[Round "3"]
[White "Shtembuliak, Evgeny"]
[Black "Zenin, Dmitry"]
[Result "1-0"]
[ECO "E77"]
[WhiteElo "2538"]
[BlackElo "2186"]
[PlyCount "37"]
[EventDate "2019.??.??"]
[TimeControl "5400+30"]
[WhiteClock "0:49:46"]
[BlackClock "0:58:41"]

1. d4 Nf6 2. c4 g6 3. Nc3 Bg7 4. e4 d6 5. Nge2 O-O 6. Ng3 h5 7. Be2 h4 8. Nf1 h3 9. gxh3 Bxh3 10. Rg1 e5 11. d5 Na6 12. Bg5 Qd7 13. Nd2 Nh7 14. Be3 Qe7 15. Nf3 Kh8 16. Ng5 Nxg5 17. Bxg5 Qd7 18. Rg3 Kh7 19. Qd3 1-0

[Event "2019 National Open"]
[Site "Las Vegas"]
[Date "2019.06.14"]
[Round "3"]
[White "Shabalov, Alexander"]
[Black "Easton, Jack"]
[Result "1-0"]
[ECO "B33"]
[WhiteElo "2528"]
[BlackElo "2163"]
[PlyCount "71"]
[EventDate "2019.??.??"]
[TimeControl "5400+30"]
[WhiteClock "0:00:40"]
[BlackClock "0:40:00"]

1. e4 c5 2. Nf3 Nc6 3. d4 cxd4 4. Nxd4 Nf6 5. Nc3 e5 6. Ndb5 d6 7. Bg5 a6 8. Na3 b5 9. Bxf6 gxf6 10. Nd5 f5 11. Bd3 Be6 12. O-O Bxd5 13. exd5 Ne7 14. Re1 Bg7 15. c3 O-O 16. Nc2 Rc8 17. a4 Rc5 18. Nb4 e4 19. Bf1 a5 20. Nc6 Nxc6 21. dxc6 b4 22. cxb4 axb4 23. Qb3 Rxc6 24. a5 Qc7 25. a6 Rc2 26. Re2 Rxe2 27. Bxe2 Qa7 28. Rd1 Be5 29. Qc4 Bxb2 30. Rxd6 Be5 31. Rd5 Qc7 32. g3 Qxc4 33. Bxc4 Bc7 34. Rxf5 Bb6 35. Rb5 Rb8 36. Rxb6 1-0

[Event "2019 National Open"]
[Site "Las Vegas"]
[Date "2019.06.14"]
[Round "3"]
[White "Nestorovic, Nikola"]
[Black "Asaria, Danial"]
[Result "1/2-1/2"]
[ECO "A46"]
[WhiteElo "2481"]
[BlackElo "2304"]
[PlyCount "64"]
[EventDate "2019.??.??"]
[TimeControl "5400+30"]
[WhiteClock "0:13:34"]
[BlackClock "0:06:50"]

1. d4 Nf6 2. Nf3 e6 3. e3 c5 4. Bd3 b6 5. O-O Bb7 6. b3 Nc6 7. a3 d5 8. Bb2 Bd6 9. Nbd2 O-O 10. c4 cxd4 11. exd4 Ne7 12. Qe2 Nf5 13. Rad1 Qe7 14. a4 Bb4 15. c5 Rfe8 16. Rc1 Rac8 17. Bb5 Red8 18. c6 Ba8 19. Ne5 Qd6 20. Rc2 Rc7 21. Rfc1 Ba3 22. Bxa3 Qxa3 23. Ndf3 Ne4 24. g4 Ne7 25. Nd2 Nxd2 26. Qxd2 f6 27. Nd3 Qd6 28. f4 Nxc6 29. Nb4 Rdc8 30. Bxc6 Bxc6 31. Na6 Rf7 32. Nb4 Rfc7 1/2-1/2

[Event "2019 National Open"]
[Site "Las Vegas"]
[Date "2019.06.14"]
[Round "3"]
[White "Prasanna Raghuram Rao"]
[Black "Sam, Gabriel"]
[Result "0-1"]
[ECO "E21"]
[WhiteElo "2448"]
[BlackElo "2227"]
[PlyCount "99"]
[EventDate "2019.??.??"]
[TimeControl "5400+30"]
[WhiteClock "0:38:35"]
[BlackClock "1:00:54"]

1. d4 Nf6 2. c4 e6 3. Nf3 Bb4+ 4. Nc3 c5 5. Qb3 O-O 6. dxc5 Na6 7. a3 Bxc3+ 8. Qxc3 Nxc5 9. e3 b6 10. Be2 Bb7 11. O-O d5 12. b4 Nce4 13. Qb3 Rc8 14. Bb2 Qe7 15. Rac1 Rfd8 16. cxd5 exd5 17. Bd4 h6 18. h3 Qe8 19. Qb2 Rxc1 20. Rxc1 Rc8 21. Re1 Qe6 22. Bd3 Ne8 23. a4 N4d6 24. a5 Nc4 25. Qa1 Ra8 26. Rc1 Qe7 27. Ne5 Nxe5 28. Bxe5 Qxb4 29. Rb1 Qe7 30. Qd4 Rd8 31. axb6 axb6 32. Bg3 Qf6 33. Rxb6 Qxd4 34. exd4 Ba8 35. Be5 f6 36. Bg3 Kf7 37. Bf5 g6 38. Bd3 Rc8 39. Ra6 g5 40. Bf5 Rc1+ 41. Kh2 Bc6 42. Ra7+ Kf8 43. Be6 Re1 44. Rf7+ Kg8 45. Rxf6+ Kg7 46. Rf7+ Kg6 47. Be5 Ra1 48. Rf8 Ng7 49. Bf7+ Kh7 50. Rg8 0-1

[Event "2019 National Open"]
[Site "Las Vegas"]
[Date "2019.06.14"]
[Round "3"]
[White "Yanayt, Eugene"]
[Black "Gabuzyan, Hovhannes"]
[Result "1/2-1/2"]
[ECO "A61"]
[WhiteElo "2241"]
[BlackElo "2619"]
[PlyCount "94"]
[EventDate "2019.??.??"]
[TimeControl "5400+30"]
[WhiteClock "0:26:23"]
[BlackClock "0:04:02"]

1. d4 Nf6 2. c4 c5 3. d5 e6 4. Nc3 exd5 5. cxd5 d6 6. Nf3 g6 7. Nd2 Bg7 8. e4 O-O 9. Be2 Na6 10. O-O Ne8 11. Nc4 f5 12. exf5 Bxf5 13. Be3 Rb8 14. a4 Nb4 15. Rc1 b6 16. Qd2 a6 17. Rfe1 Qd7 18. f3 b5 19. Na3 Nc7 20. axb5 axb5 21. Kh1 c4 22. Ncxb5 Nxb5 23. Bxc4 Nxa3 24. bxa3 Nc2 25. Rxc2 Bxc2 26. Qxc2 Rfe8 27. Bd3 Ra8 28. Be4 Rec8 29. Qf2 Rxa3 30. Bf4 Rca8 31. h4 Ra1 32. Rxa1 Rxa1+ 33. Kh2 Qe7 34. Qg3 Bd4 35. Bf5 Bf6 36. Be6+ Kg7 37. Bxd6 Qa7 38. Qf4 Qg1+ 39. Kh3 Qh1+ 40. Kg3 Qe1+ 41. Kh2 Ra8 42. Kh3 Qh1+ 43. Kg3 Qe1+ 44. Kh3 h5 45. Be7 Qh1+ 46. Kg3 Qe1+ 47. Kh3 Qh1+ 1/2-1/2

[Event "2019 National Open"]
[Site "Las Vegas"]
[Date "2019.06.14"]
[Round "3"]
[White "Ghatti, Sanjay"]
[Black "Quesada Perez, Yasser"]
[Result "0-1"]
[ECO "C77"]
[WhiteElo "2190"]
[BlackElo "2577"]
[PlyCount "156"]
[EventDate "2019.??.??"]
[TimeControl "5400+30"]
[WhiteClock "0:01:42"]
[BlackClock "0:31:00"]

1. e4 e5 2. Nf3 Nc6 3. Bb5 a6 4. Ba4 Nf6 5. d3 b5 6. Bb3 Be7 7. a4 Bb7 8. Nc3 b4 9. Nd5 Na5 10. Nxf6+ Bxf6 11. Ba2 O-O 12. O-O c5 13. Be3 c4 14. Bc5 Be7 15. Bxe7 Qxe7 16. Nd2 b3 17. Bb1 bxc2 18. Bxc2 cxd3 19. Bxd3 Qb4 20. Nf3 d6 21. Qd2 Qb6 22. Ra3 Nb3 23. Qe2 h6 24. Bc4 Nc5 25. Re3 Qd8 26. Rd1 Qe7 27. b3 a5 28. g3 Kh7 29. Nh4 g6 30. f3 Ba6 31. Ng2 Bxc4 32. Qxc4 Ne6 33. Rc3 Nd4 34. Ne3 Rac8 35. Rxd4 exd4 36. Qxd4 Qe5 37. Qxe5 dxe5 38. Rxc8 Rxc8 39. Nc4 Ra8 40. Kf2 f5 41. exf5 gxf5 42. Nxe5 Rb8 43. Nc4 Rxb3 44. Nxa5 Rb2+ 45. Kg1 Ra2 46. Nc4 h5 47. Ne3 Kg6 48. Ng2 Kf6 49. Nh4 Kg5 50. a5 Rxa5 51. Kg2 f4 52. Kh3 Ra3 53. Kg2 Ra2+ 54. Kh3 Rf2 55. Ng2 fxg3 56. Kxg3 Ra2 57. h4+ Kf5 58. Ne3+ Ke5 59. Ng2 Ra8 60. Kf2 Rg8 61. Ne3 Ra8 62. Ng2 Kd4 63. Nf4 Ra2+ 64. Kg3 Ra5 65. Ng2 Kd3 66. Nf4+ Ke3 67. Ng2+ Ke2 68. Nf4+ Kf1 69. Ne6 Ra8 70. Kf4 Kg2 71. Ng7 Ra5 72. Nf5 Rb5 73. Ng7 Kh3 74. Nf5 Ra5 75. Ke4 Ra4+ 76. Ke3 Rb4 77. Kf2 Rb5 78. Ne3 Rb2+ 0-1

[Event "2019 National Open"]
[Site "Las Vegas"]
[Date "2019.06.13"]
[Round "3"]
[White "Zavortink, Matt"]
[Black "Shetty, Atulya"]
[Result "0-1"]
[ECO "A07"]
[WhiteElo "2156"]
[BlackElo "2431"]
[PlyCount "90"]
[EventDate "2019.??.??"]
[TimeControl "5400+30"]
[WhiteClock "0:29:36"]
[BlackClock "0:17:56"]

1. Nf3 d5 2. g3 Nf6 3. Bg2 Nbd7 4. d4 c5 5. c4 dxc4 6. O-O e6 7. Na3 Be7 8. dxc5 Bxc5 9. Nxc4 O-O 10. Bf4 Nd5 11. Bd6 Bxd6 12. Nxd6 N7b6 13. Ne4 Qe7 14. Qd4 Bd7 15. Rfd1 Rac8 16. Rac1 Bb5 17. e3 Rfd8 18. Rxc8 Rxc8 19. Qe5 Be2 20. Re1 Bd3 21. Qd4 Bb5 22. Qe5 Rd8 23. Rd1 Be2 24. Re1 Bd3 25. Nc3 Nb4 26. Qg5 f6 27. Qh4 Bg6 28. Bh3 Bf7 29. Nd4 Nd3 30. Rb1 Ne5 31. Bg2 Nbc4 32. Kh1 g5 33. Qh3 h5 34. Be4 Nd2 35. Ra1 Nxe4 36. Nxe4 Nd3 37. Qg2 Bg6 38. Kg1 e5 39. Nb5 Nxb2 40. f4 exf4 41. Qxb2 Qxe4 42. exf4 gxf4 43. gxf4 Qxf4 44. Qg2 Qe3+ 45. Kh1 Kh7 0-1